 Dungeon Crawl Stone Soup version 0.31-a0-344-gd109795599 (webtiles) character file.

Game seed: 14392680381137966059

15 drugrobin the Sneak (level 2, 0/25 HPs)
             Began as a Demigod Delver on July 22, 2023.
             Slain by a kobold
             ... wielding a +0 short sword
              (2 damage)
             ... on level 2 of the Dungeon.
             The game lasted 00:03:05 (747 turns).

drugrobin the Sneak (Demigod Delver)                 Turns: 747, Time: 00:03:05

Health: 0/25       AC:  4    Str: 13    XL:     2   Next: 21%
Magic:  4/4        EV: 11    Int: 12    God:
Gold:   38         SH:  0    Dex: 15    Spells: 1/1 levels left

rFire   . . .        a - +0 mace
rCold   . . .        (no shield)
rNeg    . . .        b - +0 leather armour
rPois   .            (no helmet)
rElec   .            (no cloak)
rCorr   .            (no gloves)
SInv    .            k - +0 pair of boots
Will    .....        (no amulet)
Stlth   +++          (no ring)
HPRegen 0.24/turn    (no ring)
MPRegen 0.09/turn

%: no passive effects
@: no status effects
A: high MP 1, forlorn, divine attributes
a: no special abilities


You were on level 2 of the Dungeon.
You visited 1 branch of the dungeon, and saw 4 of its levels.

You collected 38 gold pieces.

Inventory:

Hand Weapons
 a - a +0 mace (weapon)
Missiles
 l - 8 poisoned darts
Armour
 b - a +0 leather armour (worn)
 j - a +0 ring mail
 k - a +0 pair of boots (worn)
Wands
 g - a wand of digging (3)
Scrolls
 c - 2 scrolls of fog
 d - a scroll of revelation
 e - a scroll of fear
 m - a scroll of identify {unknown}
 n - a scroll of teleportation {unknown}
Potions
 f - a potion of haste
 h - a potion of might {unknown}
 i - a potion of degeneration {unknown}


   Skills:
 - Level 2.6 Fighting
 + Level 2.7 Maces & Flails
 - Level 1.7 Dodging
 - Level 4.5 Stealth


You had one spell level left.
You didn't know any spells.
Your spell library contained the following spells:

 Spells                   Type           Power      Damage    Failure   Level
 Wereblood                Tmut           0%         N/A       54%         2
 Irradiate                Conj/Tmut      0%         3d11      100%        5


Dungeon Overview and Level Annotations

Branches:
Dungeon (5/15)             Temple (0/1) D:4

Annotations:
D:4 exclusions: centaur, gnoll, 2 iguanas and jelly
D:5 exclusion: scorpion


Innate Abilities, Weirdness & Mutations

You have an increased reservoir of magic. (+10% MP)
You shall have no god before yourself.
Your divine heritage dramatically boosts your attributes as you level up.


Message History

You hit the kobold but do no damage. The kobold hits you but does no damage.
You closely miss the kobold.
The kobold hits you with a +0 short sword. x2
Press: ? - help, v - describe, . - travel
Here: a kobold, wielding a +0 short sword of draining The floor.
The kobold attacks as you move away!
The kobold hits you with a +0 short sword.
You hit the kobold but do no damage.
The kobold hits you with a +0 short sword.
You miss the kobold. The kobold hits you but does no damage.
The kobold attacks as you move away! The kobold hits you but does no damage.
You closely miss the kobold.
The kobold hits you with a +0 short sword.
The kobold attacks as you move away! The kobold barely misses you.
You closely miss the kobold. Your punch misses the kobold.
The kobold hits you with a +0 short sword.
* * * LOW HITPOINT WARNING * * *
The kobold barely misses you.
Unknown command.
You hit the kobold but do no damage.
The kobold hits you with a +0 short sword.
* * * LOW HITPOINT WARNING * * *
Unknown command.
You closely miss the kobold.
The kobold hits you with a +0 short sword.
* * * LOW HITPOINT WARNING * * *
Unknown command.
The kobold attacks as you move away! The kobold barely misses you.
You barely miss the kobold. The kobold misses you.
Hit: a) +0 mace
Press: ? - help, Dir - move target, f - kobold
Aim: a kobold, wielding a +0 short sword (about 45% to evade your +0 mace)
Okay, then.
Unknown command.
You hit the kobold but do no damage.
The kobold hits you with a +0 short sword.
* * * LOW HITPOINT WARNING * * *
The kobold hits you with a +0 short sword.
You die...

## ## #. ### ..#. #.# .#.
#.# .. #.# #. #.#
######.###################.#
..............KK@..........#
######.###################.#
#.. #.# #.. #.# ... .# #.#
###. . . #.#### #.
#.#.#....# .. .##.#.####.###
#... ............#


You could see 2 kobolds.

Vanquished Creatures
  A dart slug (D:3)
  2 orcs
  2 endoplasms
  A giant cockroach (D:4)
  A goblin (D:4)
  A hobgoblin (D:2)
  A kobold (D:2)
9 creatures vanquished.

Notes
Turn   | Place    | Note
-------+----------+-------------------------------------------
     0 | D:5      | drugrobin the Demigod Delver began the quest for the Orb.
     0 | D:5      | Reached XP level 1. HP: 18/18 MP: 3/3
    17 | D:5      | Noticed a scorpion
   312 | D:4      | Noticed a jelly
   312 | D:4      | Noticed a centaur
   385 | D:4      | Noticed an iguana
   408 | D:4      | Found a staircase to the Ecumenical Temple.
   508 | D:4      | Noticed an iguana
   601 | D:3      | Reached XP level 2. HP: 23/25 MP: 4/4
   747 | D:2      | Slain by a kobold

Illustrated notes

Levels and vault maps discovered:
D:2:      layout_basic, basic_altar, grunt_ministairs_1, kennysheep_flooded_box
D:3:      layout_basic, nicolae_tso_besieged_by_evil, zin_angel,
          kiku_gazebo_pond_becter, nicolae_overflow_macrodata_refinement,
          grunt_ministairs_5, kennysheep_decorative_pillar, due_unseen_surprise,
          uniq_grinder, uniq_natasha, uniq_robin
D:4:      minmay_evil_eye, layout_loops_corners, marbit_many_paths,
          grunt_gozag_statues, minmay_temple_entry_drinking_statues, uniq_ijyb
D:5:      layout_basic

Skill      XL: |  1 |
---------------+----+-----
Maces & Flails | 2 |  2.7
Fighting       | |  2.6
Dodging        | |  1.7
Stealth        | |  4.5

Action                     || total
---------------------------++-------
  Melee: Mace              ||    43
   Stab: Sleeping          ||     4
 Armour: Leather armour    ||    13
  Dodge: Dodged            ||    24

Table legend: (Time is in decaauts)
 A = Elapsed time spent in this place.
 B = Non-inter-level travel time spent in this place.
 C = Inter-level travel time spent in this place.
 D = Time resting spent in this place.
 E = Time spent auto-exploring this place.
 F = Levels seen in this place.
 G = Mean time per level.
                   A        B        C        D        E       F      G
               +--------+--------+--------+--------+--------+-----+--------+
         Total |    758 |    745 |     13 |     64 |    103 |   4 |  189.5 |
       Dungeon |    758 |    745 |     13 |     64 |    103 |   4 |  189.5 |
               +--------+--------+--------+--------+--------+-----+--------+

Top non-repeatable levels by time:
     D:4: 343 daAuts
     D:5: 255 daAuts
     D:2: 110 daAuts
     D:3: 48 daAuts
